TOP OF THE 1ST |
Mercer Island Screaming Eagles batting - Pitching for Ithaca Fighting Imps : RHP Don Murray
|
Pitching: RHP Don Murray
|
|
Batting: LHB Niek Breugelmans
|
0-0: Ball 1-0: Swinging Strike 1-1: Ball 2-1: Called Strike 2-2: Ball 3-2: Base on Balls
|
Batting: LHB Steve Lodge
|
0-0: Called Strike 0-1: Fly out, F8 (Flyball, 8RS, EV 82.5 MPH)
|
Batting: RHB Thiago Yepes
|
0-0: Ball 1-0: Ball 2-0: Fly out, F5 (Line Drive, 5, EV 63.8 MPH)
|
Batting: RHB Chut-sai Meng
|
0-0: Ball Niek Breugelmans is caught stealing 2nd base 2-4
|
Top of the 1st over - 0 runs, 0 hits, 0 errors, 0 left on base; Mercer Island 0 - Ithaca 0 |
BOTTOM OF THE 1ST |
Ithaca Fighting Imps batting - Pitching for Mercer Island Screaming Eagles : LHP Phil Day
|
Pitching: LHP Phil Day
|
|
Batting: RHB Daryl Pethick
|
0-0: Called Strike 0-1: Ball 1-1: Swinging Strike 1-2: Foul Ball, location: 2F 1-2: Strikes out swinging
|
Batting: RHB Everett Garland
|
0-0: Ball 1-0: Ball 2-0: Ball 3-0: Called Strike 3-1: Foul Ball, location: 2F 3-2: Strikes out swinging
|
Batting: SHB Paul Wood
|
0-0: Ball 1-0: Ball 2-0: Foul Ball, location: 2F 2-1: Ball 3-1: Fly out, F8 (Flyball, 8LM, EV 84.4 MPH)
|
Bottom of the 1st over - 0 runs, 0 hits, 0 errors, 0 left on base; Mercer Island 0 - Ithaca 0 |
TOP OF THE 2ND |
Mercer Island Screaming Eagles batting - Pitching for Ithaca Fighting Imps : RHP Don Murray
|
Batting: RHB Chut-sai Meng
|
0-0: Called Strike 0-1: Ball 1-1: Foul Ball, location: 2F 1-2: Ball 2-2: Fly out, F8 (Flyball, 8LM, EV 83.1 MPH)
|
Batting: LHB Brian Drake
|
0-0: Ball 1-0: Foul Ball, location: 2F 1-1: Ball 2-1: Foul Ball, location: 2F 2-2: Foul Ball, location: 2F 2-2: Fly out, F4 (Popup, 3D, EV 70.6 MPH)
|
Batting: RHB Yue-rong Duan
|
0-0: Ball 1-0: Foul Ball, location: 2F 1-1: Ball 2-1: Foul Ball, location: 2F 2-2: SINGLE (Groundball, 6, EV 90.0 MPH) (infield hit)
|
Batting: RHB Yoshiki Shimizu
|
0-0: Reached on error, E4 (Groundball, 4, EV 86.9 MPH) Yue-rong Duan to third
|
Batting: RHB Tim Wright
|
0-0: Ball 1-0: Foul Ball, location: 2F 1-1: Ball 2-1: Foul Ball, location: 2F 2-2: Foul Ball, location: 2F 2-2: Strikes out swinging
|
Top of the 2nd over - 0 runs, 1 hit, 1 error, 2 left on base; Mercer Island 0 - Ithaca 0 |
BOTTOM OF THE 2ND |
Ithaca Fighting Imps batting - Pitching for Mercer Island Screaming Eagles : LHP Phil Day
|
Batting: RHB Aloysius Szymanski
|
0-0: Called Strike 0-1: Ball 1-1: Ball 2-1: Swinging Strike 2-2: Strikes out swinging
|
Batting: RHB J.J. Holmes
|
0-0: Foul Ball, location: 2F 0-1: Called Strike 0-2: Ball 1-2: Ball 2-2: Strikes out swinging
|
Batting: RHB Carlos Valle
|
0-0: Ball 1-0: Foul Ball, location: 2F 1-1: Ball 2-1: Foul Ball, location: 2F 2-2: Ball 3-2: Foul Ball, location: 2F 3-2: Strikes out swinging
|
Bottom of the 2nd over - 0 runs, 0 hits, 0 errors, 0 left on base; Mercer Island 0 - Ithaca 0 |
TOP OF THE 3RD |
Mercer Island Screaming Eagles batting - Pitching for Ithaca Fighting Imps : RHP Don Murray
|
Batting: RHB Juan Lugo
|
0-0: Swinging Strike 0-1: Ball 1-1: Foul Ball, location: 2F 1-2: Foul Ball, location: 2F 1-2: Fly out, F8 (Flyball, 8LD, EV 94.4 MPH)
|
Batting: LHB Niek Breugelmans
|
0-0: Swinging Strike 0-1: Ball 1-1: Ball 2-1: Fly out, F9 (Flyball, 9, EV 85.0 MPH)
|
Batting: LHB Steve Lodge
|
0-0: Called Strike 0-1: Ball 1-1: Ball 2-1: Swinging Strike 2-2: Foul Ball, location: 2F 2-2: Strikes out swinging
|
Top of the 3rd over - 0 runs, 0 hits, 0 errors, 0 left on base; Mercer Island 0 - Ithaca 0 |
BOTTOM OF THE 3RD |
Ithaca Fighting Imps batting - Pitching for Mercer Island Screaming Eagles : LHP Phil Day
|
Batting: LHB Pedro Gonzáles
|
0-0: Called Strike 0-1: Fly out, F9 (Flyball, 89XD, EV 94.4 MPH)
|
Batting: RHB Pedro Costa
|
0-0: Called Strike 0-1: Foul Ball, location: 2F 0-2: Strikes out looking
|
Batting: LHB Jimmy Wilcox
|
0-0: Ball 1-0: Foul Ball, location: 2F 1-1: Ball 2-1: Fly out, F8 (Flyball, 8RD, EV 106.2 MPH)
|
Bottom of the 3rd over - 0 runs, 0 hits, 0 errors, 0 left on base; Mercer Island 0 - Ithaca 0 |
TOP OF THE 4TH |
Mercer Island Screaming Eagles batting - Pitching for Ithaca Fighting Imps : RHP Don Murray
|
Batting: RHB Thiago Yepes
|
0-0: TRIPLE (Line Drive, 78XD, EV 108.8 MPH)
|
Batting: RHB Chut-sai Meng
|
0-0: Ball 1-0: Swinging Strike 1-1: Foul Ball, location: 2F 1-2: Ball Passed Ball! Thiago Yepes scores 2-2: Ball 3-2: Foul Ball, location: 2F 3-2: Base on Balls
|
Pitching: RHP Alberto Cruz
|
|
Batting: LHB Brian Drake
|
0-0: Ball 1-0: Ball 2-0: Called Strike 2-1: Foul Ball, location: 2F 2-2: Ball 3-2: Strikes out swinging
|
Batting: RHB Yue-rong Duan
|
0-0: SINGLE (Line Drive, 9S, EV 105.0 MPH) Chut-sai Meng to second Chut-sai Meng to third
|
Batting: RHB Yoshiki Shimizu
|
0-0: Ball 1-0: 3-RUN HOME RUN (Flyball, 7D, EV 100.0 MPH), Distance : 376 ft
|
Batting: RHB Tim Wright
|
0-0: Ball 1-0: Ball 2-0: SINGLE (Groundball, 6, EV 98.1 MPH) (infield hit)
|
Batting: RHB Juan Lugo
|
0-0: Ball Tim Wright is caught stealing 2nd base 2-4 1-0: Called Strike 1-1: Called Strike 1-2: SOLO HOME RUN (Flyball, 89XD, EV 113.1 MPH), Distance : 395 ft
|
Batting: LHB Niek Breugelmans
|
0-0: Called Strike 0-1: SINGLE (Line Drive, 5D, EV 94.4 MPH)
|
Batting: LHB Steve Lodge
|
0-0: Called Strike 0-1: Ball 1-1: Called Strike 1-2: Fly out, F7 (Flyball, 7LMF, EV 92.5 MPH)
|
Top of the 4th over - 5 runs, 6 hits, 0 errors, 1 left on base; Mercer Island 5 - Ithaca 0 |
BOTTOM OF THE 4TH |
Ithaca Fighting Imps batting - Pitching for Mercer Island Screaming Eagles : LHP Phil Day
|
Batting: RHB Daryl Pethick
|
0-0: Ball 1-0: Swinging Strike 1-1: Foul Ball, location: 2F 1-2: Foul Ball, location: 2F 1-2: Strikes out swinging
|
Batting: RHB Everett Garland
|
0-0: Ball 1-0: Swinging Strike 1-1: Ball 2-1: Ground out 5-3 (Groundball, 56, EV 102.5 MPH)
|
Batting: SHB Paul Wood
|
0-0: Fly out, F8 (Flyball, 89S, EV 88.1 MPH)
|
Bottom of the 4th over - 0 runs, 0 hits, 0 errors, 0 left on base; Mercer Island 5 - Ithaca 0 |
TOP OF THE 5TH |
Mercer Island Screaming Eagles batting - Pitching for Ithaca Fighting Imps : RHP Alberto Cruz
|
Batting: RHB Thiago Yepes
|
0-0: Ball 1-0: Ground out 6-3 (Groundball, 6, EV 79.4 MPH)
|
Batting: RHB Chut-sai Meng
|
0-0: Ball 1-0: Swinging Strike 1-1: TRIPLE (Line Drive, 9LD, EV 102.5 MPH)
|
Batting: LHB Brian Drake
|
0-0: Called Strike 0-1: Foul Ball, location: 2F 0-2: Ball 1-2: Foul Ball, location: 2F 1-2: Ball 2-2: Ball 3-2: 2-RUN HOME RUN (Flyball, 9D, EV 93.8 MPH), Distance : 373 ft
|
Pitching: RHP Moriz Gaidamakin
|
|
Batting: RHB Yue-rong Duan
|
0-0: Called Strike 0-1: Ball 1-1: SINGLE (Line Drive, 8RS, EV 96.9 MPH)
|
Batting: RHB Yoshiki Shimizu
|
0-0: Called Strike 0-1: Ball 1-1: SINGLE (Line Drive, 7S, EV 87.5 MPH) Yue-rong Duan to second
|
Batting: RHB Tim Wright
|
0-0: Foul Ball, location: 2F 0-1: Ball 1-1: Foul Ball, location: 2F 1-2: Foul Ball, location: 2F 1-2: Ball 2-2: SINGLE (Line Drive, 5D, EV 103.1 MPH) Yue-rong Duan to third Yoshiki Shimizu to second
|
Batting: RHB Juan Lugo
|
0-0: Ball 1-0: Called Strike 1-1: Ball 2-1: DOUBLE (Flyball, 78XD, EV 105.0 MPH) Yue-rong Duan scores Yoshiki Shimizu scores Tim Wright to third
|
Batting: LHB Niek Breugelmans
|
0-0: Ball 1-0: Foul Ball, location: 2F 1-1: Foul Ball, location: 2F 1-2: Foul Ball, location: 2F 1-2: Strikes out looking
|
Batting: LHB Steve Lodge
|
0-0: Called Strike 0-1: Ball 1-1: Foul Ball, location: 2F 1-2: Strikes out swinging
|
Top of the 5th over - 4 runs, 6 hits, 0 errors, 2 left on base; Mercer Island 9 - Ithaca 0 |
BOTTOM OF THE 5TH |
Ithaca Fighting Imps batting - Pitching for Mercer Island Screaming Eagles : LHP Phil Day
|
Batting: RHB Aloysius Szymanski
|
0-0: Ball 1-0: SINGLE (Line Drive, 8RS, EV 92.5 MPH)
|
Batting: RHB J.J. Holmes
|
0-0: Foul Ball, location: 2F 0-1: Ball 1-1: Foul Ball, location: 2F 1-2: Ball 2-2: Strikes out swinging
|
Batting: RHB Carlos Valle
|
0-0: Ball 1-0: Called Strike 1-1: Foul Ball, location: 2F 1-2: Ball 2-2: Strikes out swinging
|
Batting: LHB Pedro Gonzáles
|
0-0: SINGLE (Flyball, 89M, EV 93.8 MPH) Aloysius Szymanski to second
|
Batting: RHB Pedro Costa
|
0-0: Ball 1-0: Swinging Strike 1-1: Foul Ball, location: 2F 1-2: Foul Ball, location: 2F 1-2: Strikes out swinging
|
Bottom of the 5th over - 0 runs, 2 hits, 0 errors, 2 left on base; Mercer Island 9 - Ithaca 0 |
TOP OF THE 6TH |
Mercer Island Screaming Eagles batting - Pitching for Ithaca Fighting Imps : RHP Moriz Gaidamakin
|
Batting: RHB Thiago Yepes
|
0-0: DOUBLE (Flyball, 78D, EV 110.6 MPH)
|
Batting: RHB Chut-sai Meng
|
0-0: Ball 1-0: Ground out 6-3 (Groundball, 6, EV 86.9 MPH)
|
Batting: LHB Brian Drake
|
0-0: Foul Ball, location: 2F 0-1: Called Strike 0-2: Strikes out looking
|
Batting: RHB Yue-rong Duan
|
0-0: Swinging Strike 0-1: Ground out 5-3 (Groundball, 56S, EV 80.6 MPH)
|
Top of the 6th over - 0 runs, 1 hit, 0 errors, 1 left on base; Mercer Island 9 - Ithaca 0 |
BOTTOM OF THE 6TH |
Ithaca Fighting Imps batting - Pitching for Mercer Island Screaming Eagles : LHP Phil Day
|
Batting: LHB Jimmy Wilcox
|
0-0: Ball 1-0: Ball 2-0: Called Strike 2-1: SINGLE (Line Drive, 9S, EV 95.0 MPH)
|
Batting: RHB Daryl Pethick
|
0-0: Called Strike 0-1: Swinging Strike 0-2: Strikes out swinging
|
Batting: RHB Everett Garland
|
0-0: Foul Ball, location: 2F 0-1: Ball 1-1: Hit by Pitch Jimmy Wilcox to second
|
Batting: SHB Paul Wood
|
0-0: Ball 1-0: Foul Ball, location: 2F 1-1: Called Strike 1-2: Foul Ball, location: 2F 1-2: SINGLE (Groundball, 25, EV 70.0 MPH) (infield hit) Jimmy Wilcox to third Everett Garland to second
|
Batting: RHB Aloysius Szymanski
|
0-0: Ball 1-0: Called Strike 1-1: Fly out, F8 (Flyball, 8LS, EV 82.5 MPH)
|
Batting: RHB J.J. Holmes
|
0-0: Swinging Strike 0-1: Reached on error, E6 (Groundball, 6, EV 106.9 MPH) Jimmy Wilcox scores Everett Garland to third Paul Wood to second
|
Batting: RHB Carlos Valle
|
0-0: Swinging Strike 0-1: Ball 1-1: GRAND SLAM HOME RUN (Flyball, 78XD, EV 94.4 MPH), Distance : 414 ft
|
Batting: LHB Pedro Gonzáles
|
0-0: Ball 1-0: Ball 2-0: Foul Ball, location: 2F 2-1: SINGLE (Groundball, 6MD, EV 104.4 MPH)
|
Batting: RHB Pedro Costa
|
0-0: Called Strike 0-1: Foul Ball, location: 2F 0-2: Ball 1-2: SINGLE (Line Drive, 78S, EV 94.4 MPH) Pedro Gonzáles to second
|
Batting: LHB Jimmy Wilcox
|
0-0: Fly out, F7 (Flyball, 7S, EV 95.0 MPH)
|
Bottom of the 6th over - 5 runs, 5 hits, 1 error, 2 left on base; Mercer Island 9 - Ithaca 5 |
TOP OF THE 7TH |
Mercer Island Screaming Eagles batting - Pitching for Ithaca Fighting Imps : RHP Moriz Gaidamakin
|
Batting: RHB Yoshiki Shimizu
|
0-0: Ground out 5-3 (Groundball, 56, EV 93.8 MPH)
|
Batting: RHB Tim Wright
|
0-0: Ground out 6-3 (Groundball, 6, EV 104.4 MPH)
|
Batting: RHB Juan Lugo
|
0-0: Ground out 4-3 (Groundball, 4, EV 79.4 MPH)
|
Top of the 7th over - 0 runs, 0 hits, 0 errors, 0 left on base; Mercer Island 9 - Ithaca 5 |
BOTTOM OF THE 7TH |
Ithaca Fighting Imps batting - Pitching for Mercer Island Screaming Eagles : LHP Phil Day
|
Pitching: RHP Dawson Randolph
|
|
Batting: RHB Daryl Pethick
|
0-0: Ball 1-0: Ball 2-0: Ball 3-0: Called Strike 3-1: Fly out, F7 (Flyball, 7D, EV 90.6 MPH)
|
Batting: RHB Everett Garland
|
0-0: Ball 1-0: Foul Ball, location: 2F 1-1: Swinging Strike 1-2: Ball 2-2: Foul Ball, location: 2F 2-2: Strikes out swinging
|
Batting: SHB Paul Wood
|
0-0: Foul Ball, location: 2F 0-1: Swinging Strike 0-2: Foul Ball, location: 2F 0-2: Ball 1-2: Strikes out swinging
|
Bottom of the 7th over - 0 runs, 0 hits, 0 errors, 0 left on base; Mercer Island 9 - Ithaca 5 |
TOP OF THE 8TH |
Mercer Island Screaming Eagles batting - Pitching for Ithaca Fighting Imps : RHP Moriz Gaidamakin
|
Batting: LHB Niek Breugelmans
|
0-0: Called Strike 0-1: Fly out, F8 (Flyball, 78M, EV 86.2 MPH)
|
Batting: LHB Steve Lodge
|
0-0: Fly out, F8 (Line Drive, 8LM, EV 92.5 MPH)
|
Batting: RHB Thiago Yepes
|
0-0: Ball 1-0: Ball 2-0: Foul Ball, location: 2F 2-1: Foul Ball, location: 2F 2-2: DOUBLE (Line Drive, 89D, EV 106.2 MPH)
|
Batting: RHB Chut-sai Meng
|
0-0: Ball 1-0: SINGLE (Groundball, 6M, EV 102.5 MPH) (infield hit) Thiago Yepes to third
|
Batting: LHB Brian Drake
|
0-0: Ball 1-0: Foul Ball, location: 2F 1-1: Ball 2-1: Fly out, F8 (Flyball, 89S, EV 87.5 MPH)
|
Top of the 8th over - 0 runs, 2 hits, 0 errors, 2 left on base; Mercer Island 9 - Ithaca 5 |
BOTTOM OF THE 8TH |
Ithaca Fighting Imps batting - Pitching for Mercer Island Screaming Eagles : RHP Dawson Randolph
|
Batting: RHB Aloysius Szymanski
|
0-0: Ball 1-0: Foul Ball, location: 2F 1-1: Swinging Strike 1-2: Strikes out swinging
|
Batting: RHB J.J. Holmes
|
0-0: Ground out 4-3 (Groundball, 4M, EV 80.6 MPH)
|
Batting: RHB Carlos Valle
|
0-0: Ball 1-0: Ground out 6-3 (Groundball, 6, EV 89.4 MPH)
|
Bottom of the 8th over - 0 runs, 0 hits, 0 errors, 0 left on base; Mercer Island 9 - Ithaca 5 |
TOP OF THE 9TH |
Mercer Island Screaming Eagles batting - Pitching for Ithaca Fighting Imps : RHP Moriz Gaidamakin
|
Pitching: RHP Martin van der Veen
|
|
Batting: RHB Yue-rong Duan
|
0-0: Ball 1-0: SINGLE (Groundball, 34D, EV 98.8 MPH)
|
Batting: RHB Yoshiki Shimizu
|
0-0: Ball 1-0: Bunted foul 1-1: Bunted foul 1-2: Foul Ball, location: 2F 1-2: SINGLE (Line Drive, 3D, EV 105.6 MPH) Yue-rong Duan to second
|
Batting: RHB Tim Wright
|
0-0: Called Strike 0-1: Called Strike 0-2: Ball 1-2: Strikes out swinging
|
Batting: RHB Juan Lugo
|
0-0: Ball Wild Pitch! Yue-rong Duan to third Yoshiki Shimizu to second 1-0: Ball 2-0: Ball 3-0: Swinging Strike 3-1: Base on Balls
|
Batting: LHB Niek Breugelmans
|
0-0: Swinging Strike 0-1: Swinging Strike 0-2: Strikes out swinging
|
Batting: LHB Steve Lodge
|
0-0: Ball 1-0: Foul Ball, location: 2F 1-1: Ground out U3 (Groundball, 3, EV 106.2 MPH)
|
Top of the 9th over - 0 runs, 2 hits, 0 errors, 3 left on base; Mercer Island 9 - Ithaca 5 |
BOTTOM OF THE 9TH |
Ithaca Fighting Imps batting - Pitching for Mercer Island Screaming Eagles : RHP Dawson Randolph
|
Batting: LHB Pedro Gonzáles
|
0-0: Called Strike 0-1: Ball 1-1: Ball 2-1: Called Strike 2-2: Strikes out looking
|
Batting: RHB Pedro Costa
|
0-0: Foul Ball, location: 2F 0-1: Ball 1-1: Ball 2-1: Foul Ball, location: 2F 2-2: Foul Ball, location: 2F 2-2: Ball 3-2: Strikes out swinging
|
Batting: LHB Jimmy Wilcox
|
0-0: SINGLE (Groundball, 4D, EV 99.4 MPH)
|
Batting: RHB Daryl Pethick
|
0-0: Called Strike 0-1: Ball 1-1: Fly out, F8 (Line Drive, 8RD, EV 103.1 MPH)
|
Bottom of the 9th over - 0 runs, 1 hit, 0 errors, 1 left on base; Mercer Island 9 - Ithaca 5 |
|